 Dungeon Crawl Stone Soup version 0.29-a0-857-g9b1aa3ac5b (webtiles) character file.

Game seed: 11838719204316557021

116 jimonade the Shield-Bearer (level 5, -3/42 HPs)
             Began as a Formicid Fighter on July 16, 2022.
             Slain by a goblin
             ... wielding a +0 dagger
             ... led by Robin
              (5 damage)
             ... on level 3 of the Dungeon.
             The game lasted 00:02:43 (1767 turns).

jimonade the Shield-Bearer (Formicid Fighter)       Turns: 1767, Time: 00:02:43

Health: -3/42      AC:  8    Str: 20    XL:     5   Next: 20%
Magic:  5/5        EV:  9    Int:  8    God:
Gold:   55         SH:  5    Dex: 15    Spells: 4/4 levels left

rFire   . . .      SeeInvis +   a - +0 long sword
rCold   . . .      Faith    .   c - +0 buckler
rNeg    . . .      Spirit   .   b - +0 scale mail
rPois   .          Reflect  .   (helmet unavailable)
rElec   .          Harm     .   (no cloak)
rCorr   .          Rampage  .   k - +0 pair of gloves
Will    .....                   (no boots)
Stlth   ..........              (no amulet)
HPRegen 0.14/turn               (no ring)
MPRegen 0.09/turn               (no ring)

@: no status effects
A: permanent stasis, dig shafts and tunnels, antennae 3, four strong arms
a: Dig, Shaft Self


You were on level 3 of the Dungeon.
You visited 1 branch of the dungeon, and saw 3 of its levels.

You collected 55 gold pieces.

Inventory:

Hand Weapons
 a - a +0 long sword (weapon)
 h - a +0 short sword
Missiles
 i - 15 stones
Armour
 b - a +0 scale mail (worn)
 c - a +0 buckler (worn)
 k - a +0 pair of gloves (worn)
 p - a +0 chain mail
Scrolls
 e - 4 scrolls of teleportation {unknown}
 f - a scroll of amnesia {unknown}
 g - 2 scrolls of noise {unknown}
 m - a scroll of enchant armour {unknown}
 n - a scroll of silence {unknown}
 o - a scroll of magic mapping {unknown}
 r - a scroll of summoning {unknown}
 w - a scroll of identify {unknown}
Potions
 d - a potion of might
 j - 3 potions of curing {unknown}
 l - a potion of mutation {unknown}
 q - a potion of berserk rage {unknown}
 s - a potion of magic {unknown}
 t - a potion of flight {unknown}
 u - a potion of attraction {unknown}
 v - a potion of lignification {unknown}


   Skills:
 * Level 4.3 Fighting
 + Level 3.1 Long Blades
 + Level 4.1 Armour
 + Level 4.7 Shields


You had 4 spell levels left.
You didn't know any spells.
Your spell library contained the following spells:

 Spells                   Type           Power      Damage    Failure   Level
 Foxfire                  Conj/Fire      0%         2x1d4     82%         1
 Wereblood                Tmut           0%         N/A       91%         2
 Conjure Flame            Conj/Fire      0%         6-21      99%         3
 Ignite Poison            Fire/Tmut/Pois 0%         N/A       99%         3
 Inner Flame              Hex/Fire       0%         N/A       99%         3
 Flame Wave               Conj/Fire      0%         2d4       100%        4
 Eringya's Noxious Bog    Tmut/Pois      0%         N/A       100%        6
 Storm Form               Tmut/Air       0%         N/A       100%        7


Dungeon Overview and Level Annotations

Branches:
Dungeon (3/15)

Altars:


Innate Abilities, Weirdness & Mutations

You cannot be hasted, slowed, berserked, paralysed or teleported.
You can dig through walls and to a lower floor.
You have a pair of large antennae on your head. (SInv)
Your four strong arms can wield two-handed weapons with a shield.


Message History

Robin drinks a potion.
Robin is healed!
The goblin barely misses you.
The goblin hits you but does no damage. x2
You hit Robin.
Robin is lightly wounded.
You block the goblin's attack. The goblin hits you but does no damage.
You block the goblin's attack. Robin barely misses you.
You hit Robin.
Robin is moderately wounded.
You block the goblin's attack. The goblin hits you but does no damage.
You block Robin's attack. The goblin closely misses you.
You slash Robin!
Robin is almost dead.
You block the goblin's attack. The goblin barely misses you.
The goblin hits you but does no damage.
You hit Robin.
You kill Robin!
You block the goblin's attack. The goblin closely misses you.
The goblin hits you but does no damage. The goblin barely misses you. x2
The goblin hits you with a +0 dagger. x2
You slash the goblin!
You kill the goblin!
You block the goblin's attack. The goblin hits you but does no damage.
A goblin comes into view. It is wielding a +0 dagger.
The goblin hits you with a +0 dagger. The goblin attacks as you move away!
The goblin hits you but does no damage. The goblin misses you.
Items here: )) / [[.
You slash the goblin!
You kill the goblin!
The goblin barely misses you.
You barely miss the goblin. The goblin hits you with a +0 dagger.
* * * LOW HITPOINT WARNING * * *
The goblin hits you with a +0 club.
* * * LOW HITPOINT WARNING * * *
You closely miss the goblin. The goblin closely misses you.
The goblin barely misses you. The goblin hits you with a +0 club.
* * * LOW HITPOINT WARNING * * *
The goblin closely misses you.
You closely miss the goblin. The goblin hits you with a +0 dagger.
You die...

.. #.#. # #).# .#
#..# .# ####.. #.
######..#.. .#
#>......#.##.####.#
..........#gg@......#
###.......#g##g######
#........g{.......
#.......####.#####
#.......# ...
#.......# ...<.
#.......# ......
##.#..### ... .g
.....# {


{g You could see 4 goblins.

Vanquished Creatures
  A hound (D:2)
  Jessica (D:2)
  Robin (D:3)
  An adder (D:2)
  2 worms (D:2)
  5 ball pythons
  An endoplasm (D:2)
  A giant cockroach (D:2)
  6 goblins
  A hobgoblin (D:1)
  3 jackals (D:1)
  5 kobolds
  2 quokkas (D:2)
  5 bats
  A frilled lizard (D:2)
  2 rats (D:2)
38 creatures vanquished.

Vanquished Creatures (others)
  A goblin (D:3)
1 creature vanquished.

Grand Total: 39 creatures vanquished

Notes
Turn   | Place    | Note
-------+----------+-------------------------------------------
     0 | D:1      | jimonade the Formicid Fighter began the quest for the Orb.
     0 | D:1      | Reached XP level 1. HP: 18/18 MP: 1/1
   544 | D:1      | Reached XP level 2. HP: 24/24 MP: 2/2
   758 | D:1      | Got the Vellum of Reformation
  1136 | D:2      | Reached XP level 3. HP: 29/30 MP: 3/3
  1508 | D:2      | Reached XP level 4. HP: 36/37 MP: 4/4
  1623 | D:2      | Noticed Jessica
  1631 | D:2      | Killed Jessica
  1632 | D:2      | Reached XP level 5. HP: 35/42 MP: 5/5
  1735 | D:2      | You fall into a shaft and drop 1 floor!
  1741 | D:3      | Noticed Robin
  1761 | D:3      | Killed Robin
  1766 | D:3      | HP: 2/42 [goblin/+0 club[Robin] (5)]
  1767 | D:3      | Slain by a goblin

Illustrated notes

Levels and vault maps discovered:
D:1:      dpeg_arrival_chambers_temple_mockup, layout_basic
D:2:      minmay_chambers_of_ones, layout_rooms,
          hellmonk_ecumenical_altar_leap_of_faith, uniq_jessica
D:3:      layout_rooms, grunt_temple_overflow_magic_moments,
          hangedman_decor_slide_cut, uniq_robin

Skill      XL: |  1  2  3  4 |
---------------+-------------+-----
Fighting       | 4 |  4.3
Long Blades    | 3 |  3.1
Armour         | 4 |  4.1
Shields        | |  4.7

Action                   |  1- 3 |  4- 6 || total
-------------------------+-------+-------++-------
Melee: Long sword        |   100 |    37 ||   137
Armor: Scale mail        |    51 |    28 ||    79
Dodge: Dodged            |    61 |    25 ||    86
Block: Buckler           |    35 |    18 ||    53

Table legend: (Time is in decaauts)
 A = Elapsed time spent in this place.
 B = Non-inter-level travel time spent in this place.
 C = Inter-level travel time spent in this place.
 D = Time resting spent in this place.
 E = Time spent auto-exploring this place.
 F = Levels seen in this place.
 G = Mean time per level.
                   A        B        C        D        E       F      G
               +--------+--------+--------+--------+--------+-----+--------+
         Total |   1808 |   1759 |     49 |      0 |   1362 |   3 |  602.7 |
       Dungeon |   1808 |   1759 |     49 |      0 |   1362 |   3 |  602.7 |
               +--------+--------+--------+--------+--------+-----+--------+

Top non-repeatable levels by time:
     D:1: 1112 daAuts
     D:2: 658 daAuts
     D:3: 36 daAuts
